 Dungeon Crawl Stone Soup version 0.20-a0-492-g6327889 (webtiles) character file.

24 Muumios the Vexing (level 2, 0/21 HPs)
             Began as a Mummy Arcane Marksman on Jan 16, 2017.
             Slain by an adder (2 damage)
             ... on level 2 of the Dungeon.
             The game lasted 00:02:44 (1081 turns).

Muumios the Vexing (Mummy Arcane Marksman)          Turns: 1081, Time: 00:02:45

Health: 0/21       AC:  4    Str: 13    XL:     2   Next: 79%
Magic:  1/4        EV: 10    Int: 12    God:
Gold:   94         SH:  0    Dex: 12    Spells: 0/3 levels left

rFire    x . .     SeeInvis .   f - +0 whip
rCold    + . .     Gourm    .   e - -1 ring mail
rNeg     + + +     Faith    .   (no shield)
rPois    ∞         Spirit   .   (no helmet)
rElec    .         Reflect  .   (no cloak)
rCorr    .         Harm     .   (no gloves)
MR       .....                  (no boots)
Stlth    +.........             (no amulet)
Regen    0.0/turn               (no ring)
                                i - ring of wizardry

@: very slightly contaminated
A: no food or potions, fire vulnerability, cold resistance 1, negative energy
resistance 3, torment resistance, unbreathing
a: no special abilities


You were on level 2 of the Dungeon.
You were not hungry.

You visited 1 branch of the dungeon, and saw 2 of its levels.

You collected 94 gold pieces.

Inventory:

Hand Weapons
 f - a +0 whip (weapon)
Missiles
 d - a throwing net (quivered)
Armour
 a - a +0 robe
 e - a -1 ring mail (worn)
Magical Staves
 m - an uncursed staff of conjuration
Jewellery
 i - a ring of wizardry (left hand)
 k - a cursed ring of flight {unknown}
Scrolls
 g - a scroll of immolation {unknown}
 h - a scroll of noise {unknown}
 j - a scroll of magic mapping
 l - a scroll of teleportation {unknown}
Books
 b - a book of Debilitation

   Spells                             Type                      Level
   a - Corona                         Hexes                        1
   b - Slow                           Hexes                        2
   c - Gell's Gravitas                Hexes/Translocation          3
   d - Inner Flame                    Hexes/Fire                   3
   e - Cause Fear                     Hexes                        4
   f - Leda's Liquefaction            Hexes/Earth                  4


   Skills:
 + Level 1.4 Fighting
 * Level 1.1 Maces & Flails
 * Level 2.1 Throwing
 - Level 1.5 Dodging
 - Level 1.3 Spellcasting
 - Level 2.6 Hexes


You couldn't memorise any spells.
You knew the following spells:

 Your Spells              Type           Power        Failure   Level  Hunger
a - Corona                Hex            #......      9%          1    N/A
b - Slow                  Hex            #.......     14%         2    N/A

Dungeon Overview and Level Annotations

Branches:
Dungeon (2/15)

Altars:


Innate Abilities, Weirdness & Mutations

You do not eat or drink.
Your flesh is vulnerable to fire.
You are immune to poison.
Your flesh is cold resistant. (rC+)
You are immune to negative energy. (rN+++)
You are immune to unholy pain and torment.
You can survive without breathing.


Message History

Confirm with . or Enter, or press ? or * to list all spells.
Aiming: Corona
Press: ? - help, Shift-Dir - straight line, f/p - adder
Aim: an adder (moderately wounded, chance to defeat MR: 50%)
The adder resists with significant effort.
The adder bites you.
Throwing (i - inventory. (,) - cycle):
c - a javelin (quivered)
Press: ? - help, Shift-Dir - straight line, f/p - adder
Aim: an adder (moderately wounded)
You throw a javelin. The javelin barely misses the adder.
The adder bites you.
* * * LOW HITPOINT WARNING * * *
The adder bites you.
* * * LOW HITPOINT WARNING * * *
Throwing (i - inventory):
d - 2 throwing nets (quivered)
Press: ? - help, Shift-Dir - straight line, f/p - adder
Aim: an adder (moderately wounded)
You throw a throwing net.
The throwing net closely misses the adder.
The adder bites you.
You die...

#########
........####
#.......# #
#.#.#.#.##>.##.
##..###.@S.....(
#....#.#......##
#..##.##.#...## #
#.###..##.##.##..#
# #............#
.... #
#####.########
#### # #.# # #.# #
#.#


You could see an adder.

Vanquished Creatures
  A worm (D:2)
  A leopard gecko (D:1)
  2 goblins (D:1)
  6 hobgoblins (D:1)
  A kobold (D:1)
  4 bats (D:1)
  A frilled lizard (D:1)
  2 rats (D:1)
18 creatures vanquished.

Notes
Turn   | Place    | Note
-------+----------+-------------------------------------------
     0 | D:1      | Muumios the Mummy Arcane Marksman began the quest for the Orb.
     0 | D:1      | Reached XP level 1. HP: 15/15 MP: 2/2
   165 | D:1      | Reached XP level 2. HP: 8/21 MP: 2/4
   394 | D:1      | Learned a level 2 spell: Slow
   550 | D:1      | Reached skill level 1 in Maces & Flails
  1081 | D:2      | Slain by an adder

Vault maps used:
D:1:      minmay_arrival_plants_in_alcoves, serial_park_tiny_1
D:2:      grunt_temple_overflow_open, lightli_corner_chamber

Skill      XL: |  1  2 |
---------------+-------+-----
Maces & Flails | 1 |  1.1
Throwing       | 2 |  2.1
Fighting       | |  1.4
Dodging        | |  1.5
Spellcasting   | |  1.3
Hexes          | |  2.6

Action                   || total
-------------------------++-------
Melee: Whip              ||    69
       Unarmed           ||     6
Throw: Javelin           ||    19
       Throwing net      ||     1
 Cast: Corona            ||     7
       Slow              ||     1
  Use: Scroll            ||     2
Armor: Ring mail         ||    51
Dodge: Dodged            ||    58
